SA
PONTIAC GODFATHERS @ BELLEVILLE BULLS
06/18/2042
 
TOP OF THE 1ST
Pontiac Godfathers batting - Pitching for Belleville Bulls : RHP Joseph Ferguson
Pitching: RHP Joseph Ferguson
Batting: LHB Mike Scott 0-0: Called Strike
0-1: Foul Ball, location: 2F
0-2: Ball
1-2: Ball
2-2: Ball
3-2: Fly out, F7 (Flyball, 78M, EV 93.8 MPH)
Batting: LHB Brad Dyer 0-0: Ball
1-0: Ball
2-0: Fly out, F9 (Flyball, 8RS, EV 82.5 MPH)
Batting: LHB Gwang-soo Deungjeong 0-0: Ball
1-0: Called Strike
1-1: Ball
2-1: Ball
3-1: Base on Balls
Batting: SHB Mark Thomas 0-0: Ball
Gwang-soo Deungjeong steals 2nd base
1-0: SINGLE (Groundball, 34D, EV 105.0 MPH)
Gwang-soo Deungjeong to third
Runner from 3rd tries for Home, SAFE, throw by RF to home
Batting: RHB José Rivera 0-0: Called Strike
0-1: Ball
1-1: SINGLE (Groundball, 34D, EV 97.5 MPH)
Mark Thomas to second
Runner from 2nd tries for 3rd, SAFE, throw by RF made to third
Batting: LHB Nathaniel Gordon 0-0: Ball
1-0: Ball
2-0: Foul Ball, location: 2F
2-1: Ground out 4-3 (Groundball, 4, EV 96.2 MPH)
Top of the 1st over - 1 run, 2 hits, 0 errors, 2 left on base; Pontiac 1 - Belleville 0
BOTTOM OF THE 1ST
Belleville Bulls batting - Pitching for Pontiac Godfathers : LHP Phil Stephens
Pitching: LHP Phil Stephens
Batting: SHB Russ King 0-0: SOLO HOME RUN (Flyball, 7D, EV 98.1 MPH), Distance : 382 ft
Batting: SHB Ed Reese 0-0: Swinging Strike
0-1: Ball
1-1: Foul Ball, location: 2F
1-2: Strikes out swinging
Batting: RHB Arthur Hall 0-0: Ball
1-0: Swinging Strike
1-1: Swinging Strike
1-2: Ball
2-2: Ball
3-2: Strikes out swinging
Batting: LHB Juan Romero 0-0: Called Strike
0-1: Ball
1-1: Foul Ball, location: 2F
1-2: Foul Ball, location: 2F
1-2: Strikes out looking
Bottom of the 1st over - 1 run, 1 hit, 0 errors, 0 left on base; Pontiac 1 - Belleville 1
TOP OF THE 2ND
Pontiac Godfathers batting - Pitching for Belleville Bulls : RHP Joseph Ferguson
Batting: RHB John Williams 0-0: Ball
1-0: Foul Ball, location: 2F
1-1: Ball
2-1: Ball
3-1: Base on Balls
Batting: RHB Brian Crocker 0-0: Called Strike
0-1: Ball
1-1: Called Strike
1-2: Ball
2-2: Fly out, F8 (Flyball, 8LM, EV 84.4 MPH)
Batting: RHB Rich Pope 0-0: Grounds into double play, 6-4-3 (Groundball, 6S, EV 88.1 MPH)
Top of the 2nd over - 0 runs, 0 hits, 0 errors, 0 left on base; Pontiac 1 - Belleville 1
BOTTOM OF THE 2ND
Belleville Bulls batting - Pitching for Pontiac Godfathers : LHP Phil Stephens
Batting: LHB Román Ramos 0-0: Ball
1-0: Called Strike
1-1: Ball
2-1: Ball
3-1: Swinging Strike
3-2: Foul Ball, location: 2F
3-2: SINGLE (Groundball, 4D, EV 102.5 MPH)
Batting: SHB Kenny Dixon 0-0: Called Strike
Román Ramos is caught stealing 2nd base 2-4
0-1: Swinging Strike
0-2: Ball
1-2: Strikes out swinging
Batting: RHB Tsugumichi Sato 0-0: Ground out 5-3 (Groundball, 56, EV 80.0 MPH)
Bottom of the 2nd over - 0 runs, 1 hit, 0 errors, 0 left on base; Pontiac 1 - Belleville 1
TOP OF THE 3RD
Pontiac Godfathers batting - Pitching for Belleville Bulls : RHP Joseph Ferguson
Batting: LHB Mike Scott 0-0: Called Strike
0-1: Ball
1-1: Called Strike
1-2: Ball
2-2: SINGLE (Groundball, 56D, EV 105.0 MPH)
Batting: LHB Brad Dyer 0-0: Ball
Mike Scott is caught stealing 2nd base 2-6
1-0: Foul Ball, location: 2F
1-1: Ball
2-1: Foul Ball, location: 2F
2-2: Fly out, F3 (Flyball, 3D, EV 80.0 MPH)
Batting: LHB Gwang-soo Deungjeong 0-0: Ground out 6-3 (Groundball, 6, EV 100.0 MPH)
Top of the 3rd over - 0 runs, 1 hit, 0 errors, 0 left on base; Pontiac 1 - Belleville 1
BOTTOM OF THE 3RD
Belleville Bulls batting - Pitching for Pontiac Godfathers : LHP Phil Stephens
Batting: LHB Steve Burnett 0-0: Swinging Strike
0-1: Ball
1-1: Ball
2-1: Foul Ball, location: 2F
2-2: Ball
3-2: Foul Ball, location: 2F
3-2: Foul Ball, location: 2F
3-2: Strikes out swinging
Batting: LHB Abdul-Alim Nadeem 0-0: Foul Ball, location: 2F
0-1: Ball
1-1: Foul Ball, location: 2F
1-2: Strikes out swinging
Batting: SHB Russ King 0-0: Ball
1-0: SINGLE (Groundball, 6, EV 86.9 MPH) (infield hit)
Batting: SHB Ed Reese 0-0: Called Strike
Russ King steals 2nd base
0-1: Ball
1-1: Swinging Strike
1-2: Ball
2-2: Strikes out swinging
Bottom of the 3rd over - 0 runs, 1 hit, 0 errors, 1 left on base; Pontiac 1 - Belleville 1
TOP OF THE 4TH
Pontiac Godfathers batting - Pitching for Belleville Bulls : RHP Joseph Ferguson
Batting: SHB Mark Thomas 0-0: Called Strike
0-1: Ball
1-1: Ball
2-1: Called Strike
2-2: Ground out U3 (Groundball, 34S, EV 85.0 MPH)
Batting: RHB José Rivera 0-0: Swinging Strike
0-1: Foul Ball, location: 2F
0-2: Foul Ball, location: 2F
0-2: Foul Ball, location: 2F
0-2: Strikes out swinging
Batting: LHB Nathaniel Gordon 0-0: Called Strike
0-1: Ball
1-1: Fly out, F5 (Line Drive, 5, EV 65.0 MPH)
Top of the 4th over - 0 runs, 0 hits, 0 errors, 0 left on base; Pontiac 1 - Belleville 1
BOTTOM OF THE 4TH
Belleville Bulls batting - Pitching for Pontiac Godfathers : LHP Phil Stephens
Batting: RHB Arthur Hall 0-0: Called Strike
0-1: Ball
1-1: Ball
2-1: Foul Ball, location: 2F
2-2: Strikes out looking
Batting: LHB Juan Romero 0-0: Ball
1-0: Ball
2-0: Called Strike
2-1: Foul Ball, location: 2F
2-2: Ball
3-2: Base on Balls
Batting: LHB Román Ramos 0-0: Called Strike
0-1: Ball
1-1: Ball
2-1: Called Strike
2-2: Strikes out swinging
Batting: SHB Kenny Dixon 0-0: Called Strike
Juan Romero steals 2nd base
0-1: Swinging Strike
0-2: Ball
1-2: Strikes out swinging
Bottom of the 4th over - 0 runs, 0 hits, 0 errors, 1 left on base; Pontiac 1 - Belleville 1
TOP OF THE 5TH
Pontiac Godfathers batting - Pitching for Belleville Bulls : RHP Joseph Ferguson
Batting: RHB John Williams 0-0: Ball
1-0: DOUBLE (Flyball, 8RXD, EV 87.5 MPH)
Batting: RHB Brian Crocker 0-0: Called Strike
0-1: Foul Ball, location: 2F
0-2: Ball
1-2: Ball
2-2: Strikes out swinging
Batting: RHB Rich Pope 0-0: Called Strike
0-1: Foul Ball, location: 2F
0-2: Ball
1-2: Ball
2-2: Ball
3-2: Base on Balls
Batting: LHB Mike Scott 0-0: Fielders Choice at 2nd, 4-6 (Groundball, 4, EV 101.2 MPH)
John Williams to third
Batting: LHB Brad Dyer 0-0: SINGLE (Groundball, 4D, EV 96.2 MPH)
John Williams scores
Mike Scott to second
Runner from 2nd tries for 3rd, OUT! 8-5
Top of the 5th over - 1 run, 2 hits, 0 errors, 1 left on base; Pontiac 2 - Belleville 1
BOTTOM OF THE 5TH
Belleville Bulls batting - Pitching for Pontiac Godfathers : LHP Phil Stephens
Now at 2B: Xie-li Shiu
Batting: RHB Tsugumichi Sato 0-0: Ball
1-0: Ball
2-0: Ball
3-0: Called Strike
3-1: Fly out, F4 (Popup, 4M, EV 55.0 MPH)
Batting: LHB Steve Burnett 0-0: Fly out, F3 (Line Drive, 3, EV 67.5 MPH)
Batting: LHB Abdul-Alim Nadeem 0-0: Fly out, F9 (Flyball, 9LDF, EV 100.6 MPH)
Bottom of the 5th over - 0 runs, 0 hits, 0 errors, 0 left on base; Pontiac 2 - Belleville 1
TOP OF THE 6TH
Pontiac Godfathers batting - Pitching for Belleville Bulls : RHP Joseph Ferguson
Batting: LHB Gwang-soo Deungjeong 0-0: Swinging Strike
0-1: Foul Ball, location: 2F
0-2: Foul Ball, location: 2F
0-2: Ball
1-2: Ball
2-2: Ball
3-2: DOUBLE (Line Drive, 78M, EV 96.2 MPH)
Batting: SHB Mark Thomas 0-0: Ball
1-0: SINGLE (Flyball, 7LS, EV 85.0 MPH)
Gwang-soo Deungjeong to third
Batting: RHB José Rivera 0-0: Foul Ball, location: 2F
0-1: Fly out, F8 (Flyball, 8RS, EV 85.0 MPH)
Batting: LHB Nathaniel Gordon 0-0: Called Strike
0-1: SINGLE (Groundball, 3, EV 105.0 MPH) (infield hit)
Gwang-soo Deungjeong scores
Mark Thomas to second
Batting: RHB John Williams 0-0: Foul Ball, location: 2F
0-1: Ball
1-1: Foul Ball, location: 2F
1-2: Foul Ball, location: 2F
1-2: Ground out 5-3 (Groundball, 56S, EV 65.6 MPH)
Mark Thomas to third
Nathaniel Gordon to second
Batting: RHB Brian Crocker 0-0: Fly out, F6 (Popup, 6D, EV 55.0 MPH)
Top of the 6th over - 1 run, 3 hits, 0 errors, 2 left on base; Pontiac 3 - Belleville 1
BOTTOM OF THE 6TH
Belleville Bulls batting - Pitching for Pontiac Godfathers : LHP Phil Stephens
Batting: SHB Russ King 0-0: Fly out, F8 (Line Drive, 8RM, EV 98.8 MPH)
Batting: SHB Ed Reese 0-0: Fly out, F9 (Flyball, 9, EV 88.8 MPH)
Batting: RHB Arthur Hall 0-0: Foul Ball, location: 2F
0-1: Swinging Strike
0-2: Ball
1-2: Ball
2-2: Ball
3-2: Strikes out swinging
Bottom of the 6th over - 0 runs, 0 hits, 0 errors, 0 left on base; Pontiac 3 - Belleville 1
TOP OF THE 7TH
Pontiac Godfathers batting - Pitching for Belleville Bulls : RHP Joseph Ferguson
Batting: RHB Rich Pope 0-0: Ball
1-0: Called Strike
1-1: Ball
2-1: Foul Ball, location: 2F
2-2: Ball
3-2: Strikes out swinging
Batting: LHB Xie-li Shiu 0-0: Swinging Strike
0-1: Ball
1-1: Swinging Strike
1-2: Ball
2-2: Strikes out swinging
Batting: LHB Brad Dyer 0-0: Foul Ball, location: 2F
0-1: Ball
1-1: Foul Ball, location: 2F
1-2: Ground out U3 (Groundball, 3, EV 98.8 MPH)
Top of the 7th over - 0 runs, 0 hits, 0 errors, 0 left on base; Pontiac 3 - Belleville 1
BOTTOM OF THE 7TH
Belleville Bulls batting - Pitching for Pontiac Godfathers : LHP Phil Stephens
Batting: LHB Juan Romero 0-0: Ball
1-0: Foul Ball, location: 2F
1-1: Called Strike
1-2: SOLO HOME RUN (Flyball, 9LD, EV 93.1 MPH), Distance : 331 ft
Batting: LHB Román Ramos 0-0: Ball
1-0: Ball
2-0: Called Strike
2-1: Foul Ball, location: 2F
2-2: SINGLE (Line Drive, 7S, EV 105.6 MPH)
Pitching: RHP Reynaldo Benítez
Pinch Hitting: LHB Maikel Nelis 0-0: Ball
1-0: Fly out, F3 (Popup, 34S, EV 90.0 MPH)
Batting: RHB Tsugumichi Sato 0-0: Ball
1-0: Called Strike
1-1: Fielders Choice at 2nd, 6-4 (Groundball, 6, EV 104.4 MPH)
Pinch Hitting: SHB Geoffrey Richardson 0-0: Ball
1-0: Ground out 6-3 (Groundball, 6S, EV 83.8 MPH)
Bottom of the 7th over - 1 run, 2 hits, 0 errors, 1 left on base; Pontiac 3 - Belleville 2
TOP OF THE 8TH
Pontiac Godfathers batting - Pitching for Belleville Bulls : RHP Joseph Ferguson
Pitching: RHP Sam Martínez
Now at SS: Geoffrey Richardson
Now in LF: Maikel Nelis
Batting: LHB Gwang-soo Deungjeong 0-0: Called Strike
0-1: Ball
1-1: Ball
2-1: Called Strike
2-2: Foul Ball, location: 2F
2-2: SINGLE (Line Drive, 34D, EV 95.0 MPH)
Batting: SHB Mark Thomas 0-0: Called Strike
0-1: Ball
1-1: Ball
Gwang-soo Deungjeong is caught stealing 2nd base 2-6
2-1: Swinging Strike
2-2: Foul Ball, location: 2F
2-2: Fly out, F5 (Popup, 56S, EV 65.0 MPH)
Batting: RHB José Rivera 0-0: Called Strike
0-1: Ball
1-1: Ball
2-1: Swinging Strike
2-2: Ball
3-2: Foul Ball, location: 2F
3-2: SINGLE (Line Drive, 8RS, EV 96.9 MPH)
Batting: LHB Nathaniel Gordon 0-0: Swinging Strike
0-1: Ground out 1-3 (Groundball, 34S, EV 85.6 MPH)
Top of the 8th over - 0 runs, 2 hits, 0 errors, 1 left on base; Pontiac 3 - Belleville 2
BOTTOM OF THE 8TH
Belleville Bulls batting - Pitching for Pontiac Godfathers : RHP Reynaldo Benítez
Batting: LHB Abdul-Alim Nadeem 0-0: Ball
1-0: Ball
2-0: Ball
3-0: Called Strike
3-1: Foul Ball, location: 2F
3-2: SINGLE (Groundball, 56S, EV 77.5 MPH) (infield hit)
Batting: SHB Russ King 0-0: Bunted foul
0-1: Sac Bunt to 25 - play at first, batter OUT! 5-4
Abdul-Alim Nadeem to second
Batting: SHB Ed Reese 0-0: Ball
1-0: Called Strike
1-1: Called Strike
1-2: Foul Ball, location: 2F
1-2: TRIPLE (Flyball, 89XD, EV 96.2 MPH)
Abdul-Alim Nadeem scores
Batting: RHB Arthur Hall 0-0: Fly out, F9 (Flyball, 9, EV 95.0 MPH)
Runner from 3rd tags up, SCORES, no throw by RF
Batting: LHB Juan Romero 0-0: Called Strike
0-1: Ball
1-1: Swinging Strike
1-2: Foul Ball, location: 2F
1-2: Ball
2-2: Strikes out swinging
Bottom of the 8th over - 2 runs, 2 hits, 0 errors, 0 left on base; Pontiac 3 - Belleville 4
TOP OF THE 9TH
Pontiac Godfathers batting - Pitching for Belleville Bulls : RHP Sam Martínez
Pitching: RHP Tony Rodríguez
Batting: RHB John Williams 0-0: Fly out, F9 (Flyball, 9S, EV 85.0 MPH)
Batting: RHB Brian Crocker 0-0: Foul Ball, location: 2F
0-1: Ground out 5-3 (Groundball, 5, EV 82.5 MPH)
Batting: RHB Rich Pope 0-0: Ball
1-0: Ball
2-0: Foul Ball, location: 2F
2-1: Called Strike
2-2: Ball
3-2: Ground out 4-3 (Groundball, 4, EV 104.4 MPH)
Top of the 9th over - 0 runs, 0 hits, 0 errors, 0 left on base; Pontiac 3 - Belleville 4
Friday, March 26th, 2021 - OOTP Baseball 20.8 Build 74